 Dungeon Crawl Stone Soup version 0.20-a0-1124-g2e29d97 (webtiles) character file.

1601 Naow the Firebug (level 8, -8/46 HPs)
             Began as an Octopode Fire Elementalist on May 16, 2017.
             Mangled by an ice beast (18 damage)
             ... on level 6 of the Dungeon.
             The game lasted 00:08:22 (8904 turns).

Naow the Firebug (Octopode Fire Elementalist)       Turns: 8904, Time: 00:08:22

Health: -8/46      AC:  1    Str: 11    XL:     8   Next: 94%
Magic:  7/17       EV: 13    Int: 19    God:
Gold:   261        SH:  0    Dex: 12    Spells: 4/19 levels left

rFire    + . .     SeeInvis .   e - +0 dagger
rCold    x . .     Gourm    .   (no shield)
rNeg     . . .     Faith    .   (helmet restricted)
rPois    .         Spirit   .   (no amulet)
rElec    .         Reflect  .   t - ring of fire
rCorr    .         Harm     .   y - +3 ring of strength
MR       .....                  (no ring)
Stlth    +++.......             (no ring)
Regen    0.2/turn               (no ring)
MPRegen  0.2/turn               (no ring)
                                (no ring)
                                (no ring)

@: very slightly contaminated
A: almost no armour, stealthy swim, amphibious, 8 rings, constrict 8, camouflage
1, gelatinous body 1
a: no special abilities


You were on level 6 of the Dungeon.
You were not hungry.

You visited 1 branch of the dungeon, and saw 6 of its levels.

You collected 261 gold pieces.

Inventory:

Hand Weapons
 e - a +0 dagger (weapon)
Armour
 w - a +0 buckler
Jewellery
 t - a ring of fire (left tentacle)
 y - a +3 ring of strength (right tentacle)
Wands
 r - a wand of random effects (17/48)
 v - a wand of lightning (7/15)
 z - a wand of iceblast (8/15)
Scrolls
 d - 2 scrolls of fog {unknown}
 f - 4 scrolls of remove curse {unknown}
 g - a scroll of noise {unknown}
 h - 2 scrolls of immolation {unknown}
 i - 5 scrolls of identify {unknown}
 o - a scroll of enchant armour {unknown}
 s - 2 scrolls of fear {unknown}
 x - a scroll of magic mapping {unknown}
 A - a scroll of teleportation {unknown}
Potions
 c - 2 potions of curing
 j - a potion of haste {unknown}
 k - a potion of agility
 l - a potion of degeneration {unknown}
 n - 2 potions of flight {unknown}
 p - a potion of might {unknown}
 B - a potion of berserk rage {unknown}
Books
 a - a book of Flames

   Spells                             Type                      Level
   a - Flame Tongue                   Conjuration/Fire             1
   b - Throw Flame                    Conjuration/Fire             2
   c - Conjure Flame                  Conjuration/Fire             3
   d - Inner Flame                    Hexes/Fire                   3
   e - Sticky Flame                   Conjuration/Fire             4
   f - Fireball                       Conjuration/Fire             5
 u - a book of Misfortune

   Spells                             Type                      Level
   a - Confusing Touch                Hexes                        1
   b - Confuse                        Hexes                        3
   c - Gell's Gravitas                Translocation                3
   d - Petrify                        Transmutation/Earth          4
   e - Metabolic Englaciation         Hexes/Ice                    5
   f - Yara's Violent Unravelling     Hexes/Transmutation          5
Comestibles
 b - 3 bread rations
 m - 3 royal jellies
 q - 2 meat rations
 C - 3 chunks of flesh


   Skills:
 - Level 2.0 Dodging
 - Level 2.6 Stealth
 + Level 6.1 Spellcasting
 + Level 6.2 Conjurations
 + Level 7.0 Fire Magic


You had 4 spell levels left.
You knew the following spells:

 Your Spells              Type           Power        Failure   Level  Hunger
a - Flame Tongue          Conj/Fire      #####        1%          1    None
b - Throw Flame           Conj/Fire      #####.       1%          2    None
c - Conjure Flame         Conj/Fire      #####...     2%          3    ##.....
d - Sticky Flame          Conj/Fire      #####...     7%          4    ####...
e - Fireball              Conj/Fire      #####.....   21%         5    #####..


Dungeon Overview and Level Annotations

Branches:
Dungeon (6/15)
 Temple: D:4-7

Altars:
Kikubaaqudgha
Makhleb
Sif Muna
Yredelemnul


Innate Abilities, Weirdness & Mutations

You cannot wear most types of armour.
You are very stealthy in the water. (Stealth+)
You are amphibious.
You can wear up to eight rings at the same time.
You can use your tentacles to constrict eight enemies at once.
Your skin changes colour to match your surroundings (Stealth+).
Your rubbery body absorbs attacks. (AC +1, EV +1)


Message History

Casting: Sticky Flame
Confirm with . or Enter, or press ? or * to list all spells.
Aiming: Sticky Flame
Press: ? - help, Shift-Dir - straight line, f/p - ice beast
Aim: an ice beast (heavily wounded, covered in liquid flames)
You feel a surge of power!
You miscast Sticky Flame.
You are very lightly contaminated with residual magic.
Your skin glows momentarily.
The ice beast burns!
The ice beast hits you. The ice beast freezes you!
You feel a terrible chill!
* * * LOW HITPOINT WARNING * * *
Casting: Sticky Flame
Confirm with . or Enter, or press ? or * to list all spells.
Aiming: Flame Tongue
Press: ? - help, Shift-Dir - straight line, f/p - ice beast
Aim: an ice beast (severely wounded, covered in liquid flames)
You feel a surge of power!
The flame tongue misses the ice beast.
The ice beast burns!
The ice beast hits you.
* * * LOW HITPOINT WARNING * * *
The ice beast freezes you!!
You feel a terrible chill!
You die...

#### )... ...[ .... #
### ...
#################
.....###................
#...Y@.###############
#...#####?(# #?)## ##.
##[($ ((!### #. ##.⌠.
.⌠.## # .. ....... # ..
.....!. # . .⌠...⌠.


You could see an ice beast (burning).

Vanquished Creatures
  A troll (D:6)
  An ice beast (D:6)
  An orc warrior (D:6)
  A phantom (D:4)
  2 ogres (D:5)
  A necrophage (D:5)
  A big kobold (D:5)
  A bullfrog (D:6)
  A scorpion (D:6)
  2 howler monkeys
  2 crimson imps
  A bullfrog zombie (D:3)
  2 hounds (D:4)
  An orc priest (D:6)
  2 orc wizards
  A bullfrog skeleton (D:5)
  2 worker ants
  A hound skeleton (D:4)
  A worker ant zombie (D:5)
  7 gnolls
  5 adders
  2 oozes
  An adder skeleton (D:4)
  An adder zombie (D:5)
  4 worms
  2 dart slugs
  4 leopard geckos
  16 orcs
  9 bats
  6 giant cockroaches
  7 goblins
  13 hobgoblins
  5 jackals
  5 quokkas
  2 ball pythons
  10 frilled lizards
  14 kobolds
  15 rats
153 creatures vanquished.

Notes
Turn   | Place    | Note
-------+----------+-------------------------------------------
     0 | D:1      | Naow the Octopode Fire Elementalist began the quest for the Orb.
     0 | D:1      | Reached XP level 1. HP: 11/11 MP: 3/3
   197 | D:1      | Reached XP level 2. HP: 15/17 MP: 5/5
  1030 | D:1      | Reached XP level 3. HP: 19/21 MP: 0/6
  2293 | D:2      | Reached XP level 4. HP: 27/27 MP: 5/7
  3460 | D:3      | Reached XP level 5. HP: 31/31 MP: 4/9
  3690 | D:3      | Reached skill level 4 in Fire Magic
  3821 | D:3      | Learned a level 2 spell: Throw Flame
  3825 | D:3      | Learned a level 3 spell: Conjure Flame
  3830 | D:3      | Learned a level 4 spell: Sticky Flame
  4449 | D:4      | Reached XP level 6. HP: 26/36 MP: 7/11
  4705 | D:4      | Noticed a phantom
  4713 | D:4      | Killed a phantom
  5248 | D:4      | Reached XP level 7. HP: 15/41 MP: 2/13
  5928 | D:5      | Entered Level 5 of the Dungeon
  6046 | D:5      | Reached skill level 5 in Fire Magic
  6971 | D:5      | Reached skill level 5 in Conjurations
  7070 | D:5      | Reached XP level 8. HP: 46/46 MP: 1/15
  7238 | D:5      | Reached skill level 5 in Spellcasting
  7362 | D:5      | Reached skill level 6 in Fire Magic
  7536 | D:5      | Found a burning altar of Makhleb.
  7536 | D:5      | Noticed a green death
  7539 | D:5      | Noticed a smoke demon
  7539 | D:5      | Noticed a smoke demon
  7596 | D:5      | Found an ancient bone altar of Kikubaaqudgha.
  7613 | D:5      | Found a deep blue altar of Sif Muna.
  7720 | D:5      | Found a basalt altar of Yredelemnul.
  7803 | D:5      | Learned a level 5 spell: Fireball
  8113 | D:6      | Noticed a troll
  8137 | D:6      | Killed a troll
  8739 | D:6      | Reached skill level 7 in Fire Magic
  8904 | D:6      | Mangled by an ice beast

Vault maps used:
D:1:      minmay_arrival_checkered_box, minmay_pentomino_z4
D:2:      kennysheep_generic_room_9
D:3:      minmay_splitting_lines
D:4:      first_bread
D:5:      cheibrodos_thug_alley, kiku_gazebo_garden_becter,
          makhleb_altar_promises_db, kennysheep_little_box, led_sif_pool
D:6:      wad_guarded_room, fedhas_altar_fruit_tree

Skill      XL: |  1  2  3  4  5  6  7  8 |
---------------+-------------------------+-----
Conjurations   | 2 3 4 5 6 |  6.2
Spellcasting   | 3 4 6 |  6.1
Fire Magic     | 4 5 7 |  7.0
Dodging        | |  2.0
Stealth        | |  2.6

Action                   |  1- 3 |  4- 6 |  7- 9 || total
-------------------------+-------+-------+-------++-------
Melee: Unarmed           |     7 |       |       ||     7
       Dagger            |    52 |    27 |    57 ||   136
       Constrict         |    12 |     6 |    13 ||    31
       Tentacles         |     4 |     3 |    16 ||    23
 Cast: Flame Tongue      |    45 |   104 |   108 ||   257
       Throw Flame       |       |     1 |    21 ||    22
       Sticky Flame      |       |       |     5 ||     5
       Conjure Flame     |       |       |     4 ||     4
       Fireball          |       |       |     2 ||     2
  Use: Potion            |       |       |     1 ||     1
 Stab: Sleeping          |     8 |     1 |     1 ||    10
  Eat: Chunk             |     5 |     9 |    13 ||    27
Armor: Skin              |    10 |     1 |     2 ||    13
Dodge: Dodged            |    53 |    36 |    46 ||   135
